 Dungeon Crawl Stone Soup version 0.17.1-2-g5865329 (webtiles) character file.

2482 Glider the Grappler (level 9, -2/88 HPs)
             Began as a Troll Monk on Jan 20, 2016.
             Was a High Priest of Zin.
             Slain by a killer bee (7 damage)
             ... on level 7 of the Dungeon on Jan 21, 2016.
             The game lasted 00:17:46 (4581 turns).

Glider the Grappler (Troll Monk)                    Turns: 4581, Time: 00:17:46

Health: -2/88      AC:  6    Str: 22    XL:     9   Next: 27%
Magic:  11/11      EV: 13    Int:  8    God:    Zin [*****.]
Gold:   290        SH:  0    Dex: 15    Spells: 0 memorised, 8 levels left

rFire  . . .     SeeInvis .       - Unarmed
rCold  . . .     Clarity  .     a - +0 robe
rNeg   . . .     SustAt   .     (no shield)
rPois  ∞         Gourm    +     (helmet restricted)
rElec  .         Spirit   .     d - +0 cloak
rCorr  .         Warding  .     (gloves unavailable)
rMut   .         Rnd*Tele +     (boots unavailable)
MR     .....                    (no amulet)
Stlth  ++........               A - ring of teleportation (curse)
                                w - ring of flight

@: vitalised, hasted, very quick, not resistant to hostile enchantments,
unstealthy
A: unfitting armour, claws 3, fast metabolism 3, gourmand, regeneration 2,
shaggy fur 1, tough skin 2
a: Recite, Vitalisation, Imprison, Sanctuary, Donate Gold, Renounce Religion,
Evoke Flight, Evoke Teleportation


You were on level 7 of the Dungeon.
You worshipped Zin.
Zin was extremely pleased with you.
You were not hungry.

You visited 1 branch of the dungeon, and saw 7 of its levels.

You collected 322 gold pieces.
You donated 32 gold pieces to Zin.

Inventory:

Missiles
 g - a throwing net (quivered)
Armour
 a - a +0 robe (worn)
 d - a +0 cloak (worn)
Jewellery
 w - a ring of flight (left claw)
 A - a cursed ring of teleportation (right claw)
 C - a +2 ring of evasion {unknown}
Wands
 q - a wand of teleportation (6)
Scrolls
 c - 3 scrolls of blinking {unknown}
 e - 4 scrolls of teleportation {unknown}
 h - 6 scrolls of identify {unknown}
 j - 2 scrolls of magic mapping {unknown}
 p - 2 scrolls of immolation {unknown}
 v - a scroll of enchant weapon {unknown}
 y - 2 scrolls of recharging {unknown}
 z - 2 scrolls of enchant armour {unknown}
 B - 2 scrolls of fog {unknown}
Potions
 i - 3 potions of lignification {unknown}
 k - a potion of poison {unknown}
 m - 2 potions of degeneration {unknown}
 n - 2 potions of haste
 o - 5 potions of curing
 s - 2 potions of ambrosia {unknown}
 u - 2 potions of flight {unknown}
 x - a potion of magic {unknown}
 D - a potion of berserk rage {unknown}
 E - a potion of brilliance {unknown}
Books
 F - a book of Beasts

   Spells                             Type                      Level
   a - Summon Butterflies             Summoning                    1
   b - Call Canine Familiar           Summoning                    3
   c - Summon Ice Beast               Ice/Summoning                4
   d - Summon Mana Viper              Hexes/Summoning              5
   e - Summon Hydra                   Summoning                    7
 G - a book of Maledictions

   Spells                             Type                      Level
   a - Corona                         Hexes                        1
   b - Ensorcelled Hibernation        Hexes/Ice                    2
   c - Confuse                        Hexes                        3
   d - Tukima's Dance                 Hexes                        3
   e - Dazzling Spray                 Conjuration/Hexes            3
Miscellaneous
 t - a plain deck of summoning
Comestibles
 b - 5 bread rations
 f - 4 fruits
 l - 2 meat rations
 r - a slice of pizza


   Skills:
 - Level 5.0 Fighting
 - Level 6.0 Dodging
 - Level 1.1 Stealth
 - Level 9.0 Unarmed Combat
 * Level 4.0 Invocations


You had 8 spell levels left.
You didn't know any spells.

Dungeon Overview and Level Annotations

Branches:
Dungeon (7/15)             Temple (0/1) D:7

Altars:
Cheibriados
Kikubaaqudgha
Nemelex Xobeh
Okawaru
Sif Muna
Trog
Zin


Innate Abilities, Weirdness & Mutations

You are too large for most types of armour.
You have claws for hands.
Your metabolism is lightning-fast.
You like to eat raw meat.
You heal very quickly.
You are covered in fur (AC +1).
You have very tough skin (AC +2).


Message History

Drink which item? (? for menu, Esc to quit)
Okay, then.
Read which item? (? for menu, Esc to quit)
Okay, then.
You barely miss the killer bee. The killer bee stings you.
* * * LOW HITPOINT WARNING * * *
The killer bee stings you but does no damage.
You miss the killer bee. The killer bee barely misses you.
The killer bee stings you.
* * * LOW HITPOINT WARNING * * *
Drink which item? (? for menu, Esc to quit)
Okay, then.
Drink which item? (? for menu, Esc to quit)
It was a potion of curing.
You feel better. The killer bee stings you.
* * * LOW HITPOINT WARNING * * *
The killer bee stings you. Zin protects you from harm!
Drink which item? (? for menu, Esc to quit)
You feel yourself speed up. The killer bee stings you!
You die...

#.......#
.......# #.....#
. #..#Y.# ..
#..._.# ...
#.#oY#####$.
#.soy##...
###y#†#.##
#@###ya.#
#.###.hzh†......
#. ##hz.#######
#. #....# #.
#.##... #. ##
##.## #. #.# ..
#.#


You could see a yak, an orc warrior, an ice beast, 2 killer bees and an orc.

Vanquished Creatures
  The ghost of Faustar the Skirmisher, a novice FoFi of Qazlal (D:5)
  Sigmund (D:2)
  The ghost of Poody the Cudgeler, an amateur GrFi (D:4)
  The ghost of Poody the Cudgeler, an amateur GrFi (D:3)
  2 ice beasts
  A sky beast (D:7)
  A phantom (D:4)
  2 giant frogs
  A centaur (D:6)
  2 ogres
  A water moccasin zombie (D:5)
  3 killer bees (D:7)
  A water moccasin skeleton (D:4)
  A crimson imp (D:4)
  A centaur zombie (D:4)
  An electric eel (D:6)
  2 hounds (D:5)
  A centaur skeleton (D:6)
  Ijyb (D:2)
  2 orc priests
  Terence (D:2)
  Natasha (thrice) (D:2)
  An iguana (D:6)
  4 worker ants
  4 orc wizards
  A hound skeleton (D:5)
  2 gnolls (D:3)
  8 adders
  2 shadow imps (D:6)
  2 oozes
  2 worms
  2 giant geckos
  27 orcs
  A bat zombie (D:6)
  2 giant cockroaches
  8 goblins
  10 hobgoblins
  8 jackals
  5 kobolds
  A quokka (D:4)
  8 ball pythons
  11 bats
  A giant gecko skeleton (D:7)
  A giant gecko zombie (D:5)
  2 giant newts
  6 rats
  A rat zombie (D:6)
151 creatures vanquished.

Notes
Turn   | Place    | Note
--------------------------------------------------------------
     0 | D:1      | Glider the Troll Monk began the quest for the Orb.
     0 | D:1      | Reached XP level 1. HP: 22/22 MP: 0/0
   205 | D:1      | Reached XP level 2. HP: 25/29 MP: 1/1
   488 | D:1      | You fall through a shaft!
   544 | D:2      | Reached skill level 5 in Unarmed Combat
   544 | D:2      | Reached XP level 3. HP: 36/36 MP: 2/2
   581 | D:2      | Noticed Terence
   587 | D:2      | Killed Terence
   797 | D:2      | Reached XP level 4. HP: 41/44 MP: 3/3
   812 | D:2      | Noticed Natasha
   827 | D:2      | Killed Natasha
   859 | D:2      | Noticed Natasha
   865 | D:2      | Killed Natasha
   865 | D:2      | Reached skill level 6 in Unarmed Combat
   949 | D:2      | Noticed Sigmund
   966 | D:2      | HP: 1/44 [something (10)]
   967 | D:2      | Killed Sigmund
   967 | D:2      | Reached XP level 5. HP: 1/50 MP: 4/4
  1151 | D:2      | Noticed Ijyb
  1163 | D:2      | Killed Ijyb
  1163 | D:2      | Reached XP level 6. HP: 51/59 MP: 5/5
  1469 | D:3      | Found a faded altar to an unknown god.
  1517 | D:3      | Became a worshipper of Zin the Law-Giver
  1517 | D:3      | Reached * piety under Zin
  1517 | D:3      | Reached ** piety under Zin
  1517 | D:3      | Reached *** piety under Zin
  1558 | D:3      | Noticed Poody's ghost (amateur GrFi)
  1757 | D:2      | Noticed Natasha
  1763 | D:2      | Killed Natasha
  1792 | D:3      | Killed Poody's ghost
  1792 | D:3      | Reached skill level 7 in Unarmed Combat
  2330 | D:4      | Reached XP level 7. HP: 50/67 MP: 6/6
  2499 | D:4      | Noticed Poody's ghost (amateur GrFi)
  2509 | D:4      | Killed Poody's ghost
  2709 | D:4      | Reached **** piety under Zin
  2722 | D:4      | Found a snail-covered altar of Cheibriados.
  2835 | D:4      | Found an iron altar of Okawaru.
  3059 | D:5      | Entered Level 5 of the Dungeon
  3078 | D:5      | Found a bloodstained altar of Trog.
  3094 | D:5      | Noticed Faustar's ghost (novice FoFi)
  3104 | D:5      | Killed Faustar's ghost
  3104 | D:5      | Reached skill level 5 in Dodging
  3104 | D:5      | Reached skill level 8 in Unarmed Combat
  3104 | D:5      | Reached XP level 8. HP: 72/78 MP: 7/7
  3630 | D:6      | Reached ***** piety under Zin
  3745 | D:6      | Reached skill level 1 in Invocations
  3846 | D:6      | Found a sparkling altar of Nemelex Xobeh.
  3894 | D:6      | Found an ancient bone altar of Kikubaaqudgha.
  3949 | D:6      | Reached skill level 5 in Fighting
  4065 | D:6      | Reached skill level 9 in Unarmed Combat
  4065 | D:6      | Reached XP level 9. HP: 88/88 MP: 8/8
  4475 | D:7      | Found a staircase to the Ecumenical Temple.
  4535 | D:7      | Found a deep blue altar of Sif Muna.
  4578 | D:7      | HP: 4/88 [killer bee (5)]
  4580 | D:7      | Zin protects you from harm!
  4581 | D:7      | Slain by a killer bee

Action                   |  1- 3 |  4- 6 |  7- 9 || total
-------------------------+-------+-------+-------++-------
Melee: Unarmed           |    88 |   133 |   240 ||   461
Invok: Vitalisation      |       |       |     1 ||     1
  Use: Potion            |       |       |     2 ||     2
 Stab: Sleeping          |       |     3 |     6 ||     9
  Eat: Chunk             |    13 |     8 |    19 ||    40
